 Dungeon Crawl Stone Soup version 0.27.0-1-g7a089689b8 (console) character file.

Game seed: 17209238644645015127

16 jejorda2 the Vexing (level 2, -1/21 HPs)
             Began as a Merfolk Arcane Marksman on Aug 2, 2021.
             Frozen to death by an endoplasm (4 damage)
             ... on level 2 of the Dungeon.
             The game lasted 00:01:57 (1139 turns).

jejorda2 the Vexing (Merfolk Arcane Marksman)       Turns: 1139, Time: 00:01:57

Health: -1/21      AC:  6    Str: 10    XL:     2   Next: 54%
Magic:  3/3        EV:  9    Int: 12    God:
Gold:   30         SH:  0    Dex: 14    Spells: 2/3 levels left

rFire    . . .     SeeInvis .   j - +0 trident
rCold    . . .     Faith    .   (no shield)
rNeg     . . .     Spirit   .   i - +0 scale mail
rPois    .         Reflect  .   (no helmet)
rElec    .         Harm     .   g - scarf {shadows}
rCorr    .         Rampage  .   (no gloves)
Will     .....                  (no boots)
Stlth    ..........             (no amulet)
HPRegen  0.07/turn              (no ring)
MPRegen  0.08/turn              (no ring)

@: no status effects
A: (nimble swimmer 2), mertail
a: no special abilities


You were on level 2 of the Dungeon.
You visited 1 branch of the dungeon, and saw 2 of its levels.

You collected 30 gold pieces.

Inventory:

Hand Weapons
 a - a +0 dagger
 j - a +0 trident (weapon)
Missiles
 b - 5 javelins
 c - a throwing net
 f - 2 stones (quivered)
Armour
 g - a scarf of shadows (worn)
 i - a +0 scale mail (worn)
Scrolls
 h - a scroll of identify {unknown}
Potions
 d - a potion of haste {unknown}
 e - a potion of flight {unknown}


   Skills:
 + Level 1.5 Fighting
 * Level 2.2 Polearms
 - Level 2.0 Throwing
 + Level 0.5 Armour
 - Level 2.6 Dodging
 - Level 1.0 Spellcasting
 - Level 3.0 Hexes


You had 2 spell levels left.
You knew the following spells:

 Your Spells              Type           Power      Damage    Failure   Level
a - Corona                Hex            7%         N/A       52%         1

Your spell library contained the following spells:

 Spells                   Type           Power      Damage    Failure   Level
 Slow                     Hex            7%         N/A       67%         2
 Animate Skeleton         Necr           0%         N/A       91%         1
 Pain                     Necr           0%         1d4       91%         1
 Corpse Rot               Necr/Air       N/A        N/A       97%         2
 Inner Flame              Hex/Fire       4%         N/A       98%         3
 Portal Projectile        Hex/Tloc       8%         N/A       98%         3
 Vampiric Draining        Necr           0%         2d6       99%         3
 Cause Fear               Hex            3%         N/A       99%         4
 Dispel Undead            Necr           0%         3d6       100%        4
 Death Channel            Necr           0%         N/A       100%        6


Dungeon Overview and Level Annotations

Branches:
Dungeon (2/15)

Altars:


Innate Abilities, Weirdness & Mutations

((You are quick and stealthy near water. (Stealth+, EV+, Speed+++)))
Your lower body shifts to a powerful aquatic tail in water.


Message History

You are frozen.
The endoplasm freezes you.
You are frozen.
You hit the endoplasm.
The endoplasm is severely wounded.
The endoplasm freezes you.
You are frozen.
You barely miss the endoplasm.
The endoplasm is severely wounded.
The endoplasm hits you but does no damage.
You hit the endoplasm but do no damage.
The endoplasm is severely wounded.
The endoplasm freezes you.
You are frozen.
You are too injured to fight recklessly!
You are too injured to fight recklessly!
You are too injured to fight recklessly!
You puncture the endoplasm!
You kill the endoplasm!
You hit the endoplasm.
The endoplasm is lightly wounded.
The endoplasm completely misses you.
Your scale mail prevents you from hitting the endoplasm.
The endoplasm is lightly wounded.
The endoplasm freezes you.
You are frozen.
* * * LOW HITPOINT WARNING * * *
The endoplasm freezes you.
You are frozen.
* * * LOW HITPOINT WARNING * * *
Throw: 2 throwing nets
Press: ? - help, Shift-Dir - straight line, f - endoplasm
Aim: an endoplasm (lightly wounded, 86% to hit)
You throw a throwing net. The throwing net hits the endoplasm.
The endoplasm is caught in the net!
The endoplasm is lightly wounded.
A bat comes into view.
The endoplasm freezes you.
You are frozen.
You die...

. ..# ###. #... ....
#....###### .....
......@J..######.....
##....###...##.......
#...#....##....# ...
####.####..# .. #.##
#....# . #..##....##
##.......#
..#####..##....#
......<.........


You could see an endoplasm (caught).

Vanquished Creatures
  3 endoplasms
  A giant cockroach (D:1)
  A hobgoblin (D:1)
  A quokka (D:1)
  2 bats (D:1)
  A frilled lizard (D:2)
  2 goblins
  A kobold (D:1)
  3 rats (D:1)
15 creatures vanquished.

Notes
Turn   | Place    | Note
-------+----------+-------------------------------------------
     0 | D:1      | jejorda2 the Merfolk Arcane Marksman began the quest for
                  | the Orb.
     0 | D:1      | Reached XP level 1. HP: 15/15 MP: 2/2
   232 | D:1      | Reached skill level 1 in Polearms
   418 | D:1      | Reached XP level 2. HP: 12/21 MP: 3/3
  1139 | D:2      | Frozen to death by an endoplasm

Illustrated notes

Levels and vault maps discovered:
D:1:      lemuel_arrival_tunnels, layout_rooms
D:2:      layout_rooms

Skill      XL: |  1  2 |
---------------+-------+-----
Polearms       | 1 2 |  2.2
Fighting       | |  1.5
Throwing       | |  2.0
Armour         | |  0.5
Dodging        | |  2.6
Spellcasting   | |  1.0
Hexes          | |  3.0

Action                   || total
-------------------------++-------
Melee: Dagger            ||    71
       Trident           ||    10
Throw: Stone             ||     3
       Throwing net      ||     1
Armor: Robe              ||    12
       Scale mail        ||    12
Dodge: Dodged            ||    59
